 Dungeon Crawl Stone Soup version 0.31-a0-833-gc15d34cb79 (webtiles) character file.

Game seed: 2045007071725878375

522263 Ge0ff the Devastator (level 25, -9/220 HPs)
             Began as a Naga Shapeshifter on Sept 25, 2023.
             Was the Champion of Vehumet.
             Killed from afar by a red draconian scorcher (42 damage)
             ... with a searing blast
             ... on level 4 of the Abyss on Sept 26, 2023.
             The game lasted 03:30:20 (100847 turns).

Ge0ff the Devastator (Naga Shapeshifter)          Turns: 100847, Time: 03:30:21

Health: -9/220     AC: 24    Str: 25      XL:     25   Next: 33%
Magic:  47/50      EV: 12    Int: 13 (14) God:    Vehumet [******]
Gold:   3744       SH: 16    Dex: 12      Spells: 4/62 levels left

rFire   x . .        b - staff of fire
rCold   + + +        Z - +5 kite shield "Toiqilla" {MP+9}
rNeg    . . .        o - +3 troll leather armour
rPois   +            e - +1 hat of Death Resistance {rElec rC+ Str+5}
rElec   +            U - +1 cloak of Starlight {*Dazzle EV+4 Stlth--}
rCorr   .            Q - +2 pair of gloves
SInv    +            D - +0 barding {rC+}
Will    +++++        h - amulet "Cugusk" {RegenMP +Blink Int+2} Stlth
                     f - ring of magical power {=R}
HPRegen 0.00/turn    r - ring "Torrapt" {Fly rC+++ Will++ Str+2 Stlth-}
MPRegen 0.72/turn

%: no passive effects
@: brilliant, sick, flying, very slightly contaminated, inhibited regen, hasted,
glowing, quick
A: AC +8, large, see invisible, deformed body, poison resistance, slowness 2,
spit poison 2, naga tail 2, clumsy 1, strong 1, [dopey 2], [low MP 3],
[screaming 2], [inhibited regeneration], [weak 2], [no potion heal 1], [heat
vulnerability 2], subdued magic 1[+2], inability to drink after injury 1[+1]
}: 3/15 runes: decaying, serpentine, slimy
a: Breathe Poison Gas, Renounce Religion, Evoke Blink


You were on level 4 of the Abyss.
You worshipped Vehumet.
Vehumet was exalted by your worship.
You visited 11 branches of the dungeon, and saw 51 of its levels.
You visited the Abyss 2 times.
You visited 1 bazaar.
You also visited: Trove, Sewer, Ice Cave and Wizlab.

You collected 8097 gold pieces.
You spent 4353 gold pieces at shops.

Inventory:

Hand Weapons
 a - the +6 Majin-Bo {spellvamp, MP+6 Int+6}
   (You took it off a Hellbinder in a wizard's laboratory)

   Int+6:     It affects your intelligence (+6).
   MP+6:      It affects your magic capacity (+6).
Missiles
 g - 7 throwing nets {=F}
 v - 5 curare-tipped darts {=F}
 w - 12 javelins
Armour
 e - the +1 hat of Death Resistance (worn) {rElec rC+ Str+5}
   (You acquired it on level 14 of the Dungeon)

   Str+5:     It affects your strength (+5).
   rC+:       It protects you from cold.
   rElec:     It insulates you from electricity.
 o - a +3 troll leather armour (worn)
 D - a +0 barding of cold resistance (worn)
 P - a +2 cloak of preservation
 Q - a +2 pair of gloves (worn)
 U - the +1 cloak of Starlight (worn) {*Dazzle EV+4 Stlth--}
   (You bought it in a shop on level 2 of the Orcish Mines)

   *Dazzle:   It may blind those who miss an attack against the wearer in melee
   combat.
   EV+4:      It affects your evasion (+4).
   Stlth--:   It makes you much less stealthy.
 Z - the +5 kite shield "Toiqilla" (worn) {MP+9}
   (You found it in a treasure trove)

   MP+9:      It affects your magic capacity (+9).
Magical Staves
 b - a staff of fire (weapon)
Jewellery
 f - a ring of magical power (left hand) {=R}
 h - the amulet "Cugusk" (around neck) {RegenMP +Blink Int+2}
   (You found it in a wizard's laboratory)

   [amulet of magic regeneration]

   RegenMP:   It increases your rate of magic regeneration.
   Int+2:     It affects your intelligence (+2).
   +Blink:    It lets you blink.
 r - the ring "Torrapt" (right hand) {Fly rC+++ Will++ Str+2 Stlth-}
   (You found it on level 3 of the Depths)

   [ring of flight]

   Str+2:     It affects your strength (+2).
   rC+++:     It renders you almost immune to cold.
   Will++:    It greatly increases your willpower.
   Fly:       It grants you flight.
   Stlth-:    It makes you less stealthy.
 x - an amulet of regeneration
 A - a ring of magical power
 G - a ring of wizardry
 L - an amulet of reflection
 Y - the ring of the Salmon {rF++ Str+4 Dex-3 SInv}
   (You found it on level 1 of the Crypt)

   [ring of see invisible]

   Str+4:     It affects your strength (+4).
   Dex-3:     It affects your dexterity (-3).
   rF++:      It greatly protects you from fire.
   SInv:      It lets you see invisible.
Wands
 d - a wand of digging (26)
 j - a wand of light (15)
 k - a wand of iceblast (38)
 p - a wand of paralysis (45)
 s - a wand of mindburst (66)
Scrolls
 c - 5 scrolls of enchant armour
 i - 32 scrolls of identify
 m - 3 scrolls of revelation
 y - 7 scrolls of immolation
 B - 4 scrolls of blinking
 C - 7 scrolls of poison
 E - 6 scrolls of fear
 F - 11 scrolls of fog
 J - 2 scrolls of silence {!r}
 T - 15 scrolls of teleportation
 V - 5 scrolls of vulnerability
Potions
 q - 21 potions of curing
 u - 7 potions of mutation {!q}
 z - 2 potions of brilliance
 I - 4 potions of invisibility
 K - 3 potions of magic {!q}
 M - 9 potions of might
 N - 3 potions of cancellation {!q}
 R - 4 potions of resistance
 W - 7 potions of heal wounds {!q}
 X - 3 potions of enlightenment
Miscellaneous
 l - a lightning rod (1/4)
 n - a phial of floods
 t - a tin of tremorstones (inert)
 O - a sack of spiders


   Skills:
 - Level 12.0 Fighting
 - Level 2.0 Short Blades
 - Level 6.0 Throwing
 - Level 5.0 Armour
 - Level 5.0 Dodging
 - Level 5.0 Stealth
 + Level 9.6 Shields
 - Level 3.0 Unarmed Combat
 - Level 19.0 Spellcasting
 + Level 20.0 Conjurations
 - Level 5.0 Hexes
 - Level 7.0 Necromancy
 - Level 5.0 Translocations
 - Level 8.0 Transmutations
 - Level 14.0 Fire Magic
 + Level 19.7 Air Magic
 - Level 12.0 Earth Magic
 - Level 12.0 Poison Magic
 - Level 0.9 Invocations
 - Level 7.0 Evocations
 - Level 3.3 Shapeshifting


You had 4 spell levels left.
You knew the following spells:

 Your Spells              Type           Power      Damage    Failure   Level
a - Sublimation of Blood  Necr           24%        N/A       1%          2
d - Iskenderun's Mystic   Conj/Tloc      35%        2d8       1%          4
i - Ignite Poison         Fire/Tmut/Pois 49%        N/A       1%          3
l - Chain Lightning       Conj/Air       25%        3d33      41%         9
m - Bombard               Conj/Erth      21%        9d4       1%          6
n - Plasma Beam           Fire/Air       30%        2x1d43    1%          6
r - Olgreb's Toxic Radia  Pois           34%        N/A       1%          4
s - Maxwell's Capacitive  Air            25%        ∞         2%          8
v - Poisonous Vapours     Pois/Air       84%        N/A       0%          2
w - Passwall              Tmut/Erth      25%        N/A       1%          2
B - Blink                 Tloc           40%        N/A       1%          2
C - Fireball              Conj/Fire      30%        3d13      0%          5
E - Irradiate             Conj/Tmut      19%        3d18      1%          5

Your spell library contained the following spells:

 Spells                   Type           Power      Damage    Failure   Level
 Shatter                  Erth           17%        3d16*     100%        9
 Foxfire                  Conj/Fire      100%       2x1d9     0%          1
 Kiss of Death            Conj/Necr      100%       2d13      0%          1
 Magic Dart               Conj           100%       1d8       0%          1
 Sandblast                Erth           68%        2d15      0%          1
 Sting                    Tmut/Pois      100%       1d8       0%          1
 Momentum Strike          Conj/Tloc      70%        3d9       0%          2
 Searing Ray              Conj           100%       2d8       0%          2
 Static Discharge         Conj/Air       100%       2-7/arc   0%          2
 Dazzling Flash           Conj/Hex       70%        N/A       0%          3
 Mephitic Cloud           Conj/Pois/Air  45%        N/A       0%          3
 Stone Arrow              Conj/Erth      84%        3d12      0%          3
 Swiftness                Air            50%        N/A       0%          3
 Airstrike                Air            25%        2d(4-20)  0%          4
 Brom's Barrelling Bould  Conj/Erth      42%        2d6       0%          4
 Flame Wave               Conj/Fire      61%        2d14      0%          4
 Sticky Flame             Conj/Fire      61%        2d8       0%          4
 Freeze                   Ice            36%        1d5       1%          1
 Necrotise                Necr           96%        1d8       1%          1
 Ensorcelled Hibernation  Hex/Ice        28%        N/A       1%          2
 Jinxbite                 Hex            40%        N/A       1%          2
 Lesser Beckoning         Tloc           40%        N/A       1%          2
 Wereblood                Tmut           26%        N/A       1%          2
 Confusing Touch          Hex            20%        N/A       1%          3
 Gell's Gravitas          Tloc           20%        N/A       1%          3
 Hailstorm                Conj/Ice       30%        3d8       1%          3
 Inner Flame              Hex/Fire       43%        N/A       1%          3
 Teleport Other           Tloc           20%        N/A       1%          3
 Tukima's Dance           Hex            20%        N/A       1%          3
 Vampiric Draining        Necr           24%        2d7       1%          3
 Volatile Blastmotes      Fire/Tloc      86%        2d17      1%          3
 Animate Dead             Necr           24%        N/A       1%          4
 Dispel Undead            Necr           24%        3d12      1%          4
 Fulminant Prism          Conj/Hex       17%        3d10      1%          4
 Leda's Liquefaction      Hex/Erth       13%        N/A       1%          4
 Petrify                  Tmut/Erth      30%        N/A       1%          4
 Summon Lightning Spire   Summ/Air       30%        N/A       1%          4
 Vhi's Electric Charge    Tloc/Air       70%        N/A       1%          4
 Anguish                  Hex/Necr       11%        N/A       3%          4
 Animate Armour           Summ/Erth      44%        N/A       3%          4
 Summon Small Mammal      Summ           36%        N/A       4%          1
 Frozen Ramparts          Ice            18%        1d3       4%          3
 Summon Guardian Golem    Hex/Summ       14%        N/A       4%          3
 Cause Fear               Hex            10%        N/A       5%          4
 Dimensional Bullseye     Hex/Tloc       10%        N/A       5%          4
 Passage of Golubria      Tloc           20%        N/A       5%          4
 Call Imp                 Summ           18%        N/A       7%          2
 Call Canine Familiar     Summ           9%         N/A       16%         3
 Ozocubu's Armour         Ice            9%         N/A       16%         3
 Summon Ice Beast         Ice/Summ       9%         N/A       50%         4
 Arcjolt                  Conj/Air       25%        1d35      0%          5
 Iskenderun's Battlesphe  Conj           50%        2d10      0%          5
 Alistair's Intoxication  Tmut/Pois      20%        N/A       1%          5
 Borgnjor's Vile Clutch   Necr/Erth      14%        N/A       1%          5
 Freezing Cloud           Conj/Ice/Air   18%        6-21      1%          5
 Lee's Rapid Deconstruct  Erth           17%        3d10*     1%          5
 Silence                  Hex/Air        17%        N/A       1%          5
 Conjure Ball Lightning   Conj/Air       25%        3x3d7     1%          6
 Starburst                Conj/Fire      30%        6d9       1%          6
 Orb of Destruction       Conj           25%        9d9       1%          7
 Yara's Violent Unravell  Hex/Tmut       11%        3d6       2%          5
 Agony                    Necr           24%        N/A       7%          5
 Lehudib's Crystal Spear  Conj/Erth      21%        10d6      14%         8
 Spellforged Servitor     Conj/Summ      15%        N/A       21%         7
 Ignition                 Fire           27%        3d9       32%         8
 Metabolic Englaciation   Hex/Ice        7%         N/A       50%         5
 Summon Forest            Summ/Tloc      7%         N/A       50%         5
 Summon Mana Viper        Hex/Summ       14%        N/A       50%         5
 Simulacrum               Ice/Necr       8%         N/A       93%         6
 Haunt                    Necr/Summ      8%         N/A       100%        7
 Malign Gateway           Summ/Tloc      7%         N/A       100%        7
 Monstrous Menagerie      Summ           4%         N/A       100%        7
 Ozocubu's Refrigeration  Ice            4%         4d8       100%        7
 Summon Hydra             Summ           4%         N/A       100%        7
 Borgnjor's Revivificati  Necr           12%        N/A       100%        8
 Discord                  Hex            10%        N/A       100%        8
 Disjunction              Tloc           10%        N/A       100%        8
 Infestation              Necr           12%        N/A       100%        8
 Summon Horrible Things   Summ           4%         N/A       100%        8
 Death's Door             Necr           12%        N/A       100%        9
 Dragon's Call            Summ           4%         N/A       100%        9
 Polar Vortex             Ice            4%         N/A       100%        9


Dungeon Overview and Level Annotations

Branches:
Dungeon (15/15) Zot: 21621  Temple (1/1) D:7 Zot: 5998    Lair (5/5) D:8 Zot: 15730
  Swamp (4/4) Lair:2 Zot: 16822   Snake (4/4) Lair:3 Zot: 12667   Slime (5/5) Lair:5 Zot: 22180
    Orc (2/2) D:9 Zot: 8257     Elf (3/3) Orc:2 Zot: 7769  Vaults (5/5) D:13 Zot: 20434
  Crypt (3/3) Vaults:3 Zot: 11235    Tomb (0/3) Crypt:3      Depths (4/4) D:15 Zot: 14684
    Zot (0/5) Depths:4      Sewer (visited)           IceCv (visited)
 WizLab (visited)

Altars:
Ashenzari
Cheibriados
Dithmenos
Elyvilon
Fedhas
Gozag
Hepliaklqana
Kikubaaqudgha
Makhleb
Nemelex Xobeh
Okawaru
Qazlal
Ru
Sif Muna
Trog
Uskayaw
Vehumet
Wu Jian
Xom
Yredelemnul
Zin
The Shining One
Jiyva

Shops:
D:1 =   D:13 :   D:14 [!*!   Orc:2 *(!*[   Elf:1 *   Elf:2 (*[   Snake:3 :
Snake:4 =:=(   Vaults:2 *

Portals:
Hell: Depths:1 Depths:2 Depths:3 Depths:4
Abyss: Depths:1 Depths:3
Pandemonium: Depths:2 Depths:4
Ziggurat: Depths:3

Annotations:
D:1 faith near exit!


Innate Abilities, Weirdness & Mutations

Your serpentine skin is tough. (AC +8)
You have supernaturally acute eyesight. (SInv)
Armour fits poorly on your strangely shaped body.
Your system is resistant to poisons. (rPois)
You cover ground very slowly.
You can exhale a cloud of poison.
You can use your snake-like lower body to constrict enemies.
You are clumsy. (Dex -2)
Your muscles are strong. (Str +4, Int/Dex -1)
[You are very dopey. (Int -4)]
[Your magical capacity is extremely low. (-30% MP)]
[You frequently scream uncontrollably at your foes.]
[You do not regenerate when monsters are visible.]
[You are very weak. (Str -4)]
[Potions are less effective at restoring your health.]
[You are very vulnerable to heat. (rF--)]
[Your spells are much easier to cast, but much less powerful.]
[You sometimes lose the ability to drink potions when taking damage.]


Message History

Your deep elf sorcerer twists and deforms.
Your angel twists and deforms.
As you read the scroll of fear, it crumbles to dust.
You assume a fearsome visage.
The red draconian scorcher looks frightened!
The draconian looks frightened!
The large abomination is unaffected.
The chaos spawn looks frightened!
The wretched star is unaffected.
You are engulfed in blazing flames.
* * * LOW HITPOINT WARNING * * *
Your angel barely misses the red draconian scorcher.
Your angel hits the red draconian scorcher with a +2 whip of holy wrath!
Your large abomination hits the large abomination!!
The large abomination is destroyed!
Vehumet accepts your kill.
The wretched star pulses with an eldritch light!
You feel less energetic.
Your angel twists and deforms.
Your deep elf sorcerer twists and deforms.
Unknown command.
Unknown command.
Unknown command.
Your system partially rejects the healing.
You feel better.
You are engulfed in blazing flames.
* * * LOW HITPOINT WARNING * * *
Your wretched star glows turbulently.
The lance of force hits the red draconian scorcher!!
Your wretched star's attack snaps the red draconian scorcher out of its fear.
The red draconian scorcher is knocked back by the lance of force.
The red draconian scorcher slams into the stone wall!
The red draconian scorcher is severely wounded.
Cornered, the chaos spawn turns to fight!
Your deep elf sorcerer waves at you.
Casting: Bombard (mildly dangerous; 1% risk of failure)
Confirm with . or Enter, or press ? or * to list all spells.
Aiming: Bombard (mildly dangerous; 1% risk of failure)
Press: ? - help, Shift-Dir - straight line, f - chaos spawn
Aim: a chaos spawn (lightly wounded, haloed, 74% to hit)
You feel a surge of power!
The iron shot hits the chaos spawn!!
The chaos spawn is almost dead.
You are engulfed in blazing flames.
* * * LOW HITPOINT WARNING * * *
Your angel hits the draconian with a +2 whip of holy wrath! x2
The draconian dies!
Vehumet accepts your kill.
The red draconian scorcher breathes fire at your wretched star.
The searing blast hits your angel!!
The searing blast hits your wretched star!
Your wretched star resists.
The searing blast hits you!!! The fire burns you terribly!
You die...

# #... #.##
#...#
#.#.....#..#####
..#... .........
## #####©.©### #
##### .. #######
....#qX[e.#
....*)A*..+
....#4...@#
...######## ##
+φ+ ### # # # #


You could see a red draconian scorcher (distracted, catching breath, ally
target), a wretched star, a chaos spawn, a friendly angel (summoned, misshapen),
a friendly wretched star (summoned), a friendly deep elf sorcerer (summoned,
fast, misshapen, sick) and a friendly large abomination (summoned).

Vanquished Creatures
  the Royal Jelly (Slime:5)
  2 dread liches
  An ancient lich (Crypt:3)
  Mennas (Depths:3)
  A juggernaut (Depths:3)
  Bai Suzhen (Elf:3)
  Margery (Crypt:3)
  Xtahua (Crypt:3)
  2 curse toes (Crypt:2)
  A caustic shrike (Depths:2)
  Jory (Crypt:1)
  Nikola (Swamp:3)
  A golden dragon (Depths:3)
  A Hellbinder (WizLab)
  4 tentacled monstrosities
  A walking frostbound tome (Depths:3)
  3 liches
  3 deep elf blademasters
  Asterion (Vaults:1)
  A quicksilver dragon (Abyss:4)
  4 titans
  The ghost of Wiath the Deadly Accurate, an adept DrBr of Ashenzari (Vaults:2)
  4 deep elf master archers (Elf:3)
  A walking divine tome (Depths:2)
  17 acid blobs
  6 sphinxes
  7 ancient champions
  4 shadow dragons
  2 thorn hunters (Swamp:4)
  Gastronok (D:8)
  Aizul (Lair:3)
  A storm dragon (Vaults:5)
  A revenant (Crypt:1)
  Kirke (D:12)
  6 nagarajas (Snake:4)
  2 draconian monks
  8 tengu reavers
  13 azure jellies
  3 deep elf sorcerers
  10 vault wardens
  2 draconian scorchers (Depths:3)
  11 rockslimes
  4 frost giants
  2 draconian shifters
  3 orc warlords
  2 cacodemons
  Louise (Swamp:2)
  6 curse skulls
  3 deep elf elementalists (Elf:3)
  2 spriggan defenders (Depths:2)
  12 ghouls
  A demonspawn blood saint (WizLab)
  8 quicksilver oozes
  2 reapers (IceCv)
  7 formless jellyfish
  14 very ugly things
  2 war gargoyles
  18 ironbound preservers
  12 stone giants
  4 deep elf demonologists
  5 vampire knights
  3 deep elf annihilators (Elf:3)
  Nessos (D:12)
  8 ironbound thunderhulks
  2 green draconians (Depths:3)
  2 black draconians (Depths:4)
  15 dire elephants
  4 eleionomae
  4 spark wasps (Depths:1)
  A red draconian (Depths:4)
  2 bunyips
  Azrael (D:13)
  The ghost of ketsa the Fighter, a journeyman DjHW of Gozag (D:12)
  4 blizzard demons
  3 eidola
  3 ettins
  11 deep elf death magi
  A crystal guardian (Vaults:3)
  8 fire dragons
  Josephine (D:14)
  An entropy weaver (Vaults:2)
  13 great orbs of eyes
  4 deep elf high priests (Elf:3)
  6 rakshasas
  3 shambling mangroves
  8 jiangshi
  7 yaktaur captains
  6 hydras
  2 spriggan air magi
  30 vault guards
  2 caustic shrike simulacra (IceCv)
  A salamander tyrant (Snake:4)
  A hell beast (Depths:2)
  2 ironbound frosthearts
  2 peacekeepers
  8 ice dragons
  An anaconda (shapeshifter) (Elf:2)
  A ghost crab (Swamp:4)
  2 ogre magi (Orc:2)
  2 alligators
  2 death yaks (Lair:5)
  3 deep troll shamans (Depths:1)
  9 boulder beetles
  6 centaur warriors
  22 naga warriors
  10 two-headed ogres
  A titan zombie (Crypt:2)
  9 anacondas
  A sphinx skeleton (Crypt:1)
  4 vampire magi
  3 deep troll earth magi
  A hell hog (Depths:2)
  29 dancing weapons
  A sun demon (WizLab)
  9 naga sharpshooters
  4 spriggan berserkers
  2 tengu warriors (D:15)
  17 deep elf knights
  3 hell knights
  12 shock serpents
  6 soul eaters
  2 wretched stars
  2 sixfirhies (WizLab)
  25 skeletal warriors
  3 iron trolls (Depths:1)
  A spectral death yak (Lair:5)
  3 shadow wraiths
  A spectral anaconda (Lair:5)
  10 salamander mystics
  A glowing orange brain (shapeshifter) (Vaults:5)
  5 bog bodies
  2 spriggan druids (Swamp:3)
  2 goliath frogs
  8 flayed ghosts
  34 deep trolls
  5 swamp dragons
  6 naga ritualists
  9 deep elf archers
  An anaconda skeleton (Crypt:2)
  2 shadow demons (WizLab)
  9 lindwurms
  4 obsidian statues
  An orange crystal statue (Vaults:3)
  11 wizards
  A spriggan simulacrum (IceCv)
  6 orc knights
  8 ironbound convokers
  Pikel (D:6)
  20 ugly things
  21 deep elf pyromancers
  7 phantasmal warriors
  5 glowing orange brains
  25 deep elf zephyrmancers
  11 necromancers
  9 mana vipers
  7 shining eyes
  A fire giant zombie (D:15)
  4 will-o-the-wisps
  8 cyclopes
  A goliath frog skeleton (Crypt:3)
  15 salamanders
  24 elephants
  A shock serpent zombie (Crypt:2)
  Maurice (D:12)
  A dire elephant zombie (Lair:5)
  The ghost of WhatIsLove the Chopper, a novice HOMo of Beogh (D:6)
  2 guardian serpents
  3 rust devils (WizLab)
  2 eyes of devastation
  2 centaur zombies (D:12)
  34 black mambas
  3 ice statues
  2 smoke demons (WizLab)
  12 vault sentinels
  10 cane toads
  14 naga magi
  A shock serpent skeleton (Crypt:2)
  A purple draconian zombie (Crypt:1)
  A naga skeleton (Crypt:2)
  2 gargoyles
  2 centaur skeletons (D:13)
  3 kobold demonologists
  4 unseen horrors (Depths:1)
  2 dire elephant skeletons
  3 tormentors
  An efreet (D:13)
  11 freezing wraiths
  8 komodo dragons
  9 yaktaurs
  6 rime drakes
  2 tengu conjurers
  4 red devils (WizLab)
  2 ancient zymes
  A yellow draconian skeleton (Crypt:3)
  A purple draconian skeleton (Crypt:3)
  A pale draconian skeleton (Crypt:1)
  4 polar bears
  A yaktaur (shapeshifter) (D:15)
  A death yak skeleton (Crypt:3)
  A golden dragon simulacrum (IceCv)
  2 bloated husks
  2 hellwings
  18 trolls
  3 meliai (D:14)
  A meliai (shapeshifter) (Elf:1)
  18 hornets
  Prince Ribbit (D:7)
  An ettin zombie (D:15)
  8 tyrant leeches
  An alligator simulacrum (IceCv)
  A raiju (Abyss:2)
  A snapping turtle (shapeshifter) (D:15)
  4 dream sheep (Lair:4)
  An ice dragon zombie (Crypt:2)
  8 blink frogs
  A spectral meliai (D:12)
  12 wraiths
  A jumping spider (shapeshifter) (Vaults:5)
  97 slime creatures
  11 flying skulls
  Sigmund (D:4)
  2 spriggans (shapeshifter)
  2 air elementals
  4 shadows
  A centaur simulacrum (D:12)
  14 spriggans
  2 water elementals (Depths:2)
  3 ynoxinuls
  12 fire bats
  2 spriggan skeletons
  A starcursed mass (Abyss:2)
  A vampire (D:14)
  10 yaks
  A human (D:12)
  A swamp worm simulacrum (Swamp:4)
  5 wyverns
  3 basilisks
  3 neqoxecs
  9 fire elementals
  5 hogs
  14 golden eyes
  6 vampire mosquitoes
  2 steam dragons
  3 wargs
  Menkaure (D:6)
  A death yak simulacrum (Lair:5)
  A glowing shapeshifter zombie (D:15)
  3 spectral cane toads (Lair:5)
  41 nagas
  23 swamp worms
  8 large abominations (Depths:1)
  A water nymph zombie (Crypt:3)
  15 water moccasins
  An acid dragon (D:10)
  17 hydra simulacra
  A merfolk skeleton (Crypt:1)
  A deep troll skeleton (Crypt:3)
  A fire bat skeleton (Crypt:3)
  4 small abominations
  A floating eye (shapeshifter) (Depths:1)
  2 hell hounds (D:13)
  2 floating eyes
  2 swamp drakes (Depths:3)
  A black bear (D:7)
  12 orc warriors
  6 ettin simulacra (IceCv)
  A swamp dragon zombie (Crypt:2)
  An elephant zombie (Lair:5)
  A lindwurm zombie (Crypt:3)
  An elephant skeleton (Lair:5)
  A boggart (D:13)
  13 wolves
  26 ogres
  A torpor snail zombie (Crypt:1)
  4 lemures (D:6)
  5 centaurs
  A phantom (D:6)
  7 kobold brigands
  A draconian zombie (Crypt:2)
  5 bullfrogs
  4 gnoll sergeants
  Blork the orc (D:6)
  5 necrophages
  2 deep troll simulacra (IceCv)
  An earth elemental (Elf:2)
  A scorpion (D:6)
  A cane toad simulacrum (Lair:5)
  8 wights
  A queen bee zombie (Crypt:2)
  An elephant simulacrum (Lair:5)
  5 killer bees (D:8)
  3 howler monkeys
  4 electric eels
  A raiju skeleton (Crypt:3)
  A crimson imp (D:5)
  A lava snake (Lair:3)
  4 hounds
  Crazy Yiuf (D:5)
  8 orc priests
  2 jellies
  A sleepcap (D:6)
  3 iguanas
  11 orc wizards
  12 hell rats
  A naga zombie (Crypt:1)
  A hound skeleton (Crypt:2)
  8 adders
  27 gnolls
  A river rat (Sewer)
  4 white imps
  5 ufetubi
  7 swamp drake simulacra (Swamp:4)
  A worm (shapeshifter) (Depths:4)
  A worm zombie (Crypt:1)
  An iguana skeleton (Crypt:3)
  3 worms (D:3)
  A dart slug (D:1)
  47 orcs
  5 ball pythons
  An endoplasm (D:2)
  4 giant cockroaches
  9 goblins
  9 hobgoblins
  8 jackals (D:1)
  31 kobolds
  7 quokkas
  3 training dummies (Snake:4)
  57 bats
  2 frilled lizards
  A frilled lizard skeleton (Crypt:2)
  A gnoll skeleton (Crypt:2)
  A goblin zombie (Crypt:1)
  A jackal skeleton (Crypt:3)
  9 rats
1906 creatures vanquished.

Vanquished Creatures (collateral kills)
  A balrug (WizLab)
  2 dire elephants (Lair:5)
  2 salamanders (Snake:3)
  A dire elephant zombie (Lair:5)
  A draconian (Abyss:4)
  A large abomination (Abyss:4)
  7 boulders
15 creatures vanquished.

Vanquished Creatures (others)
  Mara (Swamp:3)
  An alligator (Swamp:4)
  A deep elf knight (Elf:2)
  A deep elf zephyrmancer (Elf:1)
  An ugly thing (D:13)
  2 centaur skeletons (D:13)
  A yaktaur (D:13)
  13 boulders
  14 foxfires
  39 fulminant prisms
74 creatures vanquished.

Grand Total: 1995 creatures vanquished

Notes
Turn   | Place    | Note
-------+----------+-------------------------------------------
     0 | D:1      | Ge0ff the Naga Shapeshifter began the quest for the Orb.
     0 | D:1      | Reached XP level 1. HP: 18/18 MP: 1/1
    22 | D:1      | Reached skill level 1 in Stealth
   219 | D:1      | Found Raum's Jewellery Shop.
   228 | D:1      | Reached XP level 2. HP: 21/25 MP: 2/2
   230 | D:1      | Reached skill level 1 in Short Blades
   235 | D:1      | HP: 1/25 [quokka (4)]
   817 | D:1      | Reached XP level 3. HP: 31/31 MP: 3/3
  1276 | D:2      | Learned a level 2 spell: Passwall
  1608 | D:2      | Reached XP level 4. HP: 39/39 MP: 4/4
  1641 | D:2      | Learned a level 1 spell: Sandblast
  1866 | D:3      | Found a shadowy altar of Dithmenos.
  2070 | D:3      | Found a glowing drain.
  2084 | Sewer    | Entered a sewer
  2157 | Sewer    | Reached skill level 1 in Evocations
  2157 | Sewer    | Reached XP level 5. HP: 45/45 MP: 5/5
  2452 | D:3      | Found a shimmering altar of Xom.
  2691 | D:3      | Found an ornate altar of the Wu Jian Council.
  2691 | D:3      | Found a sacrificial altar of Ru.
  2715 | D:3      | Found a blossoming altar of Fedhas.
  2717 | D:3      | Found a sparkling altar of Nemelex Xobeh.
  2718 | D:3      | Found a basalt altar of Yredelemnul.
  2895 | D:4      | Reached skill level 1 in Earth Magic
  2912 | D:4      | Found an ancient bone altar of Kikubaaqudgha.
  2946 | D:4      | Noticed an ogre
  2955 | D:4      | Killed an ogre
  2956 | D:4      | Reached skill level 1 in Spellcasting
  2956 | D:4      | Reached skill level 1 in Conjurations
  2956 | D:4      | Reached skill level 1 in Transmutations
  2956 | D:4      | Reached XP level 6. HP: 13/52 MP: 7/7
  3750 | D:4      | Noticed Sigmund
  4345 | D:5      | Entered Level 5 of the Dungeon
  4477 | D:5      | Reached skill level 2 in Conjurations
  4480 | D:5      | Reached XP level 7. HP: 39/60 MP: 9/9
  4802 | D:5      | Noticed a steam dragon
  4808 | D:5      | Killed a steam dragon
  4809 | D:5      | Reached skill level 3 in Conjurations
  5085 | D:5      | Learned a level 3 spell: Stone Arrow
  5582 | D:5      | Found a runed translucent door.
  5583 | D:5      | Noticed Crazy Yiuf
  5588 | D:5      | Killed Crazy Yiuf
  5644 | D:5      | Reached skill level 4 in Conjurations
  5644 | D:5      | Reached XP level 8. HP: 67/67 MP: 11/11
  5928 | D:5      | Found a radiant altar of Vehumet.
  5928 | D:5      | Found a burning altar of Makhleb.
  6281 | D:6      | Found a runed translucent door.
  6285 | D:6      | Noticed WhatIsLove's ghost (novice HOMo)
  6368 | D:6      | Reached skill level 5 in Earth Magic
  6446 | D:6      | Noticed Pikel
  6707 | D:6      | Noticed Menkaure
  6709 | D:6      | Killed Menkaure
  6710 | D:6      | Reached skill level 5 in Conjurations
  6715 | D:6      | Killed Pikel
  6716 | D:6      | Reached skill level 6 in Conjurations
  6716 | D:6      | Reached XP level 9. HP: 73/73 MP: 13/13
  7878 | D:7      | Reached skill level 7 in Conjurations
  7997 | D:7      | Noticed Prince Ribbit
  8104 | D:7      | Killed Prince Ribbit
  8336 | D:6      | Noticed Blork the orc
  8339 | D:6      | Killed Blork the orc
  8806 | D:7      | Found a staircase to the Ecumenical Temple.
  8921 | Temple   | Entered the Ecumenical Temple
  9033 | D:5      | Became a worshipper of Vehumet
  9213 | D:4      | Killed Sigmund
  9341 | D:6      | Killed WhatIsLove's ghost
  9342 | D:6      | Reached skill level 8 in Conjurations
  9628 | D:7      | Learned a level 2 spell: Searing Ray
  9759 | D:8      | Noticed a kobold demonologist
  9769 | D:8      | Reached XP level 10. HP: 68/80 MP: 14/14
  9774 | D:8      | Killed a kobold demonologist
 10157 | D:8      | Learned a level 4 spell: Brom's Barrelling Boulder
 10484 | D:8      | Found a staircase to the Lair.
 10497 | D:8      | Noticed Gastronok
 10505 | D:8      | Killed Gastronok
 10506 | D:8      | Reached skill level 9 in Conjurations
 11934 | D:9      | Found an iron altar of Okawaru.
 12244 | D:9      | Reached skill level 10 in Conjurations
 12244 | D:9      | Reached skill level 10 in Earth Magic
 12312 | D:9      | Reached * piety under Vehumet
 12312 | D:9      | Offered knowledge of Kiss of Death by Vehumet.
 12646 | D:9      | Found a staircase to the Orcish Mines.
 12851 | D:10     | Entered Level 10 of the Dungeon
 12859 | D:10     | Reached skill level 5 in Spellcasting
 12859 | D:10     | Reached XP level 11. HP: 33/87 MP: 11/18
 12890 | D:10     | Noticed a two-headed ogre
 12893 | D:10     | Killed a two-headed ogre
 13321 | D:10     | Found a portal to a secret trove of treasure.
 13357 | D:10     | Found a hazy altar of Hepliaklqana.
 13959 | D:10     | Found a shimmering blue altar of Sif Muna.
 13975 | D:10     | Got Sif Muna's Precepts of Chilblains
 13977 | D:10     | Got Sif Muna's Spellbook of Reformation
 14203 | D:11     | Noticed a two-headed ogre
 14233 | D:11     | Killed a two-headed ogre
 15190 | D:11     | Found a runed translucent door.
 15223 | D:11     | Noticed a flayed ghost
 15325 | D:7      | Learned a level 3 spell: Mephitic Cloud
 15457 | D:11     | Found a shadowy altar of Dithmenos.
 15525 | D:11     | Reached ** piety under Vehumet
 15525 | D:11     | Offered knowledge of Foxfire by Vehumet.
 15536 | D:11     | Reached skill level 5 in Evocations
 15665 | D:11     | Found a shadowy altar of Dithmenos.
 15673 | D:11     | Reached skill level 1 in Poison Magic
 15724 | D:11     | Found an opulent altar of Gozag.
 15737 | D:11     | Reached skill level 1 in Air Magic
 15857 | D:11     | Found a radiant altar of Vehumet.
 15981 | D:11     | Offered knowledge of Ignite Poison by Vehumet.
 16000 | D:11     | Reached *** piety under Vehumet
 16007 | D:11     | Learned a level 3 spell: Ignite Poison
 16010 | D:11     | Learned a level 2 spell: Poisonous Vapours
 16194 | D:11     | Offered knowledge of Hailstorm by Vehumet.
 16290 | D:11     | Found a radiant altar of Vehumet.
 16290 | D:11     | You fall into a shaft and drop 1 floor!
 16460 | D:12     | Noticed a white ugly thing
 16477 | D:12     | Killed a white ugly thing
 16478 | D:12     | Reached skill level 1 in Fire Magic
 16753 | D:12     | Noticed Maurice
 16764 | D:12     | Killed Maurice
 16765 | D:12     | Reached XP level 12. HP: 99/99 MP: 8/20
 16985 | D:11     | Found a stormy altar of Qazlal.
 17064 | D:12     | Noticed Kirke
 17403 | D:12     | Killed Kirke
 17404 | D:12     | Reached skill level 11 in Conjurations
 17525 | D:12     | Found a transporter.
 17528 | D:12     | Noticed ketsa's ghost (journeyman DjHW)
 17552 | D:12     | Found a transporter.
 17839 | D:12     | Reached **** piety under Vehumet
 17993 | D:12     | Noticed Nessos
 18419 | D:12     | Learned a level 4 spell: Fulminant Prism
 18522 | Lair:1   | Entered Level 1 of the Lair of Beasts
 18668 | Lair:1   | Reached skill level 5 in Fighting
 18676 | Lair:1   | Reached skill level 1 in Hexes
 19075 | Lair:1   | Reached skill level 5 in Poison Magic
 19316 | Lair:1   | Offered knowledge of Arcjolt by Vehumet.
 19529 | Lair:1   | You fall into a shaft and drop 1 floor!
 20571 | Lair:2   | Gained mutation: You can use your snake-like lower body to
                  | constrict enemies. [Naga growth]
 20571 | Lair:2   | Reached XP level 13. HP: 104/109 MP: 5/23
 20805 | Lair:2   | Identified the +6 long sword of Action {freeze, rCorr}
 20865 | Lair:2   | Found a staircase to the Swamp.
 21557 | Lair:3   | Reached skill level 5 in Air Magic
 21598 | Lair:3   | Reached ***** piety under Vehumet
 21711 | Lair:3   | Found a staircase to the Snake Pit.
 21860 | Lair:3   | Offered knowledge of Bombard by Vehumet.
 22041 | D:2      | Learned a level 6 spell: Bombard
 22940 | Lair:3   | Reached skill level 5 in Stealth
 23091 | Lair:3   | Reached skill level 1 in Armour
 25296 | Lair:5   | Entered Level 5 of the Lair of Beasts
 26255 | Lair:5   | Found a staircase to the Slime Pits.
 26256 | Lair:5   | Found a viscous altar of Jiyva.
 26570 | Lair:5   | Noticed a dire elephant
 26570 | Lair:5   | Noticed a dire elephant
 26571 | Lair:5   | Noticed a dire elephant
 26583 | Lair:5   | Reached XP level 14. HP: 36/117 MP: 3/25
 26730 | Lair:5   | Noticed a dire elephant
 26739 | Lair:5   | Killed a dire elephant
 26740 | Lair:5   | Reached skill level 5 in Transmutations
 26750 | Lair:5   | Noticed a dire elephant
 26766 | Lair:5   | Killed a dire elephant
 26767 | Lair:5   | Reached skill level 5 in Fire Magic
 27714 | Lair:5   | Reached skill level 12 in Conjurations
 27880 | Lair:5   | Killed a dire elephant
 27978 | Lair:5   | Offered knowledge of Irradiate by Vehumet.
 28143 | Lair:5   | Killed a dire elephant
 28160 | Lair:5   | Killed a dire elephant
 29177 | Lair:5   | Found a viscous altar of Jiyva.
 29177 | Lair:5   | Found a staircase to the Slime Pits.
 29880 | D:11     | Learned a level 5 spell: Irradiate
 30073 | D:12     | Killed Nessos
 30229 | Orc:1    | Entered Level 1 of the Orcish Mines
 30439 | Orc:2    | Entered Level 2 of the Orcish Mines
 30817 | Orc:1    | You fall into a shaft and drop 1 floor!
 30944 | Orc:2    | Reached skill level 10 in Spellcasting
 31360 | Orc:2    | Reached skill level 10 in Poison Magic
 31495 | Orc:2    | Offered knowledge of Plasma Beam by Vehumet.
 31726 | Orc:2    | Learned a level 4 spell: Olgreb's Toxic Radiance
 31824 | Orc:2    | Reached XP level 15. HP: 120/123 MP: 26/29
 32231 | Orc:2    | Found Ogikhauco's Antique Weapon Boutique.
 32246 | Orc:2    | Found Roclig's Assorted Antiques.
 32248 | Orc:2    | Found Hutsaf's Distillery.
 32254 | Orc:2    | Bought a scroll of fear for 112 gold pieces
 32254 | Orc:2    | Bought a scroll of identify for 56 gold pieces
 32317 | Orc:2    | Found Nuestrag's General Store.
 32318 | Orc:2    | Found Uxass's Antique Armour Boutique.
 32320 | Orc:2    | Bought a potion of invisibility for 96 gold pieces
 32325 | Orc:2    | Found a staircase to the Elven Halls.
 32876 | Orc:2    | Bought the +1 cloak of Starlight {*Dazzle EV+4 Stlth--} for
                  | 396 gold pieces
 32876 | Orc:2    | Bought a potion of curing for 39 gold pieces
 32876 | Orc:2    | Bought a potion of enlightenment for 65 gold pieces
 32876 | Orc:2    | Found the +1 cloak of Starlight {*Dazzle EV+4 Stlth--}
 33461 | D:13     | Reached skill level 1 in Shields
 33617 | D:13     | Found Fifipset's Tremendous Tomes.
 33991 | D:13     | Noticed Azrael
 34557 | D:13     | Found a gate to the Vaults.
 34754 | D:13     | Found Fifipset's Tremendous Tomes.
 35127 | D:13     | Killed Azrael
 35383 | D:13     | Found a gate to the Vaults.
 35829 | D:14     | Found a frozen archway.
 36063 | D:14     | Reached skill level 1 in Throwing
 36138 | IceCv    | Entered an ice cave
 36258 | IceCv    | Offered knowledge of Yara's Violent Unravelling by Vehumet.
 38108 | D:14     | Learned a level 2 spell: Blink
 38265 | D:14     | Found Laluwoenn's Assorted Antiques.
 38270 | D:14     | Bought a scroll labelled HAASUICIPP for 26 gold pieces
 38270 | D:14     | Bought a scroll of blinking for 195 gold pieces
 38402 | D:14     | Noticed Josephine
 38505 | D:14     | Killed Josephine
 38948 | D:14     | Identified a scroll of acquirement
 38965 | D:14     | Acquired a staff of fire
 39050 | D:14     | Found Woukeq's Distillery.
 39194 | D:14     | Reached skill level 1 in Translocations
 39256 | D:14     | Reached skill level 5 in Hexes
 39309 | D:14     | Identified the +0 quarterstaff "Ciun" {vamp, Dex+4}
 39325 | D:14     | Acquired the +1 hat of Death Resistance {rElec rC+ Str+5}
 39401 | D:14     | Found Neloirgh's Armour Emporium.
 39651 | D:14     | Found Woror's Distillery.
 39658 | D:14     | Bought a potion of resistance for 120 gold pieces
 39658 | D:14     | Bought a potion of attraction for 36 gold pieces
 39760 | D:15     | Entered Level 15 of the Dungeon
 39783 | D:15     | Reached XP level 16. HP: 107/133 MP: 31/31
 40059 | D:15     | Offered knowledge of Lee's Rapid Deconstruction by Vehumet.
 40615 | D:15     | Found a staircase to the Depths.
 41059 | D:15     | Identified the +0 scale mail "Othiexye" {rElec Str+2
                  | Stlth+}
 41908 | D:14     | Bought a scroll of fear for 104 gold pieces
 42034 | D:12     | Killed ketsa's ghost
 42566 | Snake:1  | Entered Level 1 of the Snake Pit
 42658 | Snake:1  | Noticed Aizul
 42670 | Lair:3   | Killed Aizul
 43162 | Snake:1  | Learned a level 5 spell: Fireball
 43289 | Snake:1  | Identified the +6 dagger of Grandeur {speed, rCorr Str+5
                  | Dex+5}
 44151 | Snake:2  | Offered knowledge of Eringya's Noxious Bog by Vehumet.
 44904 | Snake:2  | Identified the +0 trident "Zidyos Rub" {vamp, Fly rPois rF-
                  | Int+5}
 46407 | Snake:3  | Reached XP level 17. HP: 142/142 MP: 10/33
 46980 | Snake:3  | Reached skill level 13 in Conjurations
 47783 | Snake:3  | Found Kyisum's Book Shoppe.
 48221 | Snake:3  | Bought a manual of Conjurations for 1120 gold pieces
 48802 | Snake:4  | Entered Level 4 of the Snake Pit
 50063 | Snake:4  | Found Hyateqat's Jewellery Shop.
 50064 | Snake:4  | Found Ilelauf's Book Shoppe.
 50066 | Snake:4  | Found Ruaneghump's Jewellery Shop.
 50563 | Snake:4  | Offered knowledge of Lehudib's Crystal Spear by Vehumet.
 50572 | Snake:4  | Reached skill level 5 in Shields
 50881 | Snake:4  | Found Ynufuet's Firing Range.
 50948 | Snake:4  | Acquired 1114 gold pieces
 51074 | Snake:4  | Reached skill level 5 in Translocations
 51350 | Snake:4  | Reached skill level 14 in Conjurations
 52447 | Snake:4  | Reached XP level 18. HP: 125/152 MP: 34/34
 52522 | Snake:4  | Reached skill level 15 in Conjurations
 52617 | Snake:4  | Reached skill level 5 in Throwing
 52753 | Snake:4  | Got a serpentine rune of Zot
 52949 | Swamp:1  | Entered Level 1 of the Swamp
 53837 | Swamp:2  | Reached skill level 10 in Fire Magic
 54346 | Swamp:2  | Noticed Louise
 54351 | Swamp:2  | Killed Louise
 55150 | Swamp:3  | Noticed Nikola
 55312 | Swamp:3  | Noticed Mara
 55404 | Swamp:3  | Reached skill level 16 in Conjurations
 55428 | Swamp:3  | Gained mutation: [Your magical capacity is low. (-10% MP)]
                  | [mutagenic glow]
 55441 | Swamp:3  | Killed Mara
 55444 | Swamp:3  | Killed Nikola
 55786 | Swamp:3  | Reached ****** piety under Vehumet
 56218 | Swamp:4  | Entered Level 4 of the Swamp
 56234 | Swamp:4  | Offered knowledge of Shatter by Vehumet.
 56234 | Swamp:4  | Offered knowledge of Chain Lightning by Vehumet.
 56234 | Swamp:4  | Offered knowledge of Maxwell's Capacitive Coupling by
                  | Vehumet.
 57910 | Swamp:4  | Reached skill level 17 in Conjurations
 58992 | Swamp:4  | Got a decaying rune of Zot
 59392 | Elf:1    | Entered Level 1 of the Elven Halls
 59726 | Elf:1    | Reached XP level 19. HP: 163/163 MP: 31/31
 59851 | Elf:1    | Got a lithographed book
 59893 | Elf:1    | Lost mutation: [Your magical capacity is low. (-10% MP)]
                  | [potion of mutation]
 59893 | Elf:1    | Gained mutation: You can exhale a cloud of poison. [potion
                  | of mutation]
 59893 | Elf:1    | Gained mutation: Your muscles are strong. (Str +4, Int/Dex
                  | -1) [potion of mutation]
 60250 | Elf:1    | Got a thrumming book
 60510 | Elf:1    | Found Wisirung's General Store.
 60515 | Elf:1    | Bought a potion of heal wounds for 65 gold pieces
 61066 | Elf:2    | Found Ylorilou's Antique Weapon Boutique.
 61261 | Elf:2    | Found Viegrurgh's Antique Armour Boutique.
 61459 | Elf:2    | Identified the +1 broad axe of the Conjuring Gods {venom,
                  | Will+}
 61484 | Elf:2    | Paralysed by an air elemental for 1 turns
 61623 | Elf:2    | Found Koykamn's General Store.
 61628 | Elf:2    | Bought a potion of heal wounds for 95 gold pieces
 61807 | Elf:2    | Found a runed translucent gate.
 61808 | Elf:2    | Found a runed translucent gate.
 61808 | Elf:2    | Found a runed translucent gate.
 61952 | Elf:2    | Identified the +0 scale mail of the Stopping Gods {rF++ rC-
                  | Int+3}
 62979 | Elf:2    | Reached skill level 18 in Conjurations
 63470 | Elf:3    | Entered Level 3 of the Elven Halls
 63717 | Elf:2    | Learned a level 4 spell: Iskenderun's Mystic Blast
 64412 | Elf:3    | Reached skill level 5 in Dodging
 64575 | Elf:3    | Reached skill level 5 in Armour
 65374 | Elf:3    | Reached skill level 10 in Fighting
 65671 | Elf:3    | Identified the +1 ring mail of Valour {rC+ Str+4}
 65725 | Elf:3    | Identified the +15 plate armour of Itedisue {Int+6 Slay-6}
 65909 | Elf:3    | Identified the +3 war axe of Bile {holy, rCorr MP-9 Int+4
                  | Dex+3}
 66561 | Elf:3    | Identified the +12 plate armour "Xocagigu" {rF+ Int+2}
 66743 | Elf:3    | Identified the ring of Ollubri {Ice rPois SInv}
 66744 | Elf:3    | Identified the +8 hand axe of Benevolence {freeze, +Blink}
 66748 | Elf:3    | Identified the ring "Paikk" {AC+4 Str+4}
 66866 | Elf:3    | Identified the +6 great sword "Zeuhosae" {antimagic, rC+}
 66866 | Elf:3    | Identified the ring "Ferif" {Dex+3 SInv}
 67486 | Elf:3    | Reached XP level 20. HP: 173/174 MP: 37/37
 67995 | Elf:3    | Noticed Bai Suzhen
 68005 | Elf:3    | Killed Bai Suzhen
 68337 | Elf:3    | Identified the +5 spear of Lust {flame, Str+2 SInv}
 68516 | Elf:3    | Identified the +1 ring mail of Forking Paths {Str+3}
 68800 | Elf:3    | Learned a level 2 spell: Sublimation of Blood
 69021 | D:10     | You paid a toll of 5 scrolls of fear to enter a treasure
                  | trove
 69022 | Trove    | Entered a treasure trove
 69027 | Trove    | Identified the +4 ring mail of the Snake Pit {Stlth+}
 69030 | Trove    | Identified the +6 scale mail of Polytheism {Dex+4}
 69034 | Trove    | Identified the +0 leather armour of the Shining Light
                  | {*Corrode rElec rPois rN++}
 69037 | Trove    | Identified the +5 crystal plate armour of a bailey {rPois
                  | Dex+2}
 69056 | Trove    | Identified the +5 kite shield "Toiqilla" {MP+9}
 69091 | Trove    | Identified the +3 tower shield "Suschukh" {Rampage Str+2}
 69094 | Trove    | Identified the +0 fire dragon scales of the Vestibule of
                  | Hell {rF++ rC- rN+ rCorr SInv}
 69096 | Trove    | Identified the +0 helmet of Gyirr {rCorr}
 69558 | Vaults:1 | Entered Level 1 of the Vaults
 69630 | Vaults:1 | Found a magical portal.
 69635 | WizLab   | Entered The Hall of the Hellbinder
 69654 | WizLab   | Gained mutation: You are clumsy. (Dex -2) [a cacodemon]
 69658 | WizLab   | Reached skill level 1 in Necromancy
 70412 | WizLab   | Found a burning altar of Makhleb.
 70413 | WizLab   | Noticed Lupnusueq
 70425 | WizLab   | Killed Lupnusueq the Hellbinder
 70489 | WizLab   | Got an exquisite book
 70514 | WizLab   | Identified the amulet "Yhuam" {Faith *Corrode rPois rC+
                  | Int+3}
 70516 | WizLab   | Identified the amulet "Cugusk" {RegenMP +Blink Int+2}
 71757 | Vaults:1 | Reached skill level 15 in Spellcasting
 72014 | Vaults:1 | Reached skill level 5 in Necromancy
 72024 | Vaults:1 | Noticed Asterion
 72030 | Vaults:1 | Killed Asterion
 72453 | Vaults:1 | Acquired 489 gold pieces
 72465 | Vaults:1 | Identified the +0 hand axe "Ibaeth" {flame, Will- Str+9}
 72726 | Vaults:1 | Identified the orb of Kebrenka {light, rC++}
 72778 | Vaults:1 | Identified the +5 shortbow of the Hierophant {heavy, Int+5}
 73205 | Vaults:2 | Found Wikoggis's Assorted Antiques.
 73211 | Vaults:2 | Bought a phial of floods for 1160 gold pieces
 73211 | Vaults:2 | Bought a scroll of fear for 116 gold pieces
 73211 | Vaults:2 | Bought a scroll of teleportation for 87 gold pieces
 73420 | Vaults:2 | You fall into a shaft and drop 1 floor!
 74036 | Vaults:2 | Found a runed translucent door.
 74036 | Vaults:2 | Noticed Wiath's ghost (adept DrBr)
 74131 | Vaults:2 | Reached XP level 21. HP: 187/187 MP: 40/40
 75084 | Vaults:2 | Killed Wiath's ghost
 75096 | Vaults:2 | Identified the staff "Killer Bee's Doom" {Fragile rElec rN+
                  | Int+6 SInv Necro}
 75934 | Vaults:3 | Found a staircase to the Crypt.
 76840 | Vaults:4 | Identified the +0 scale mail of the Bard {rC+ Int+5}
 77592 | Vaults:4 | Reached skill level 10 in Air Magic
 78303 | Vaults:4 | Identified the +4 short sword "Grim Tooth" {heavy, rPois
                  | Will+}
 78412 | Vaults:4 | Learned a level 6 spell: Plasma Beam
 78421 | Vaults:4 | Learned a level 8 spell: Maxwell's Capacitive Coupling
 78483 | Crypt:1  | Entered Level 1 of the Crypt
 78506 | Crypt:1  | Reached XP level 22. HP: 198/198 MP: 43/43
 79056 | Crypt:1  | Noticed Jory
 79075 | Crypt:1  | Killed Jory
 79387 | Crypt:1  | Noticed a dread lich
 79395 | Crypt:1  | Paralysed by a dread lich for 3 turns
 79400 | Crypt:1  | Killed a dread lich
 79634 | Crypt:1  | Identified the +3 kite shield of Wenir {+Blink Fly Str+4
                  | Stlth-}
 79712 | Crypt:1  | Identified the +9 plate armour of the Wereyak {+Inv rN+
                  | Regen+}
 79952 | Crypt:1  | Identified the +0 helmet of Greater Demons {Rampage rElec
                  | MP+9 Int-3}
 79955 | Crypt:1  | Identified the +0 robe "Olomerr" {rF- Str+9 SInv Stlth-}
 79960 | Crypt:1  | Identified the ring of the Salmon {rF++ Str+4 Dex-3 SInv}
 81519 | Crypt:3  | Entered Level 3 of the Crypt
 81587 | Crypt:3  | Noticed Margery
 81590 | Crypt:3  | Noticed a curse toe
 81591 | Crypt:3  | Noticed a curse toe
 82046 | Crypt:3  | Killed Margery
 82194 | Crypt:2  | Gained mutation: [Your spells are a little easier to cast,
                  | but a little less powerful.] [mutagenic glow]
 82811 | Crypt:2  | Killed a curse toe
 82954 | Crypt:2  | Killed a curse toe
 83473 | Crypt:3  | Noticed Xtahua
 83488 | Crypt:3  | Killed Xtahua
 83830 | Crypt:3  | Identified the +5 longbow "Ziwkerim" {freeze, rElec rCorr
                  | Int+3}
 83932 | Crypt:3  | Found a staircase to the Tomb.
 84003 | Crypt:3  | Noticed a dread lich
 84003 | Crypt:3  | Noticed an ancient lich
 84143 | Crypt:3  | Reached XP level 23. HP: 205/205 MP: 44/44
 84203 | Crypt:3  | Killed a dread lich
 84208 | Crypt:3  | Killed an ancient lich
 84247 | Crypt:3  | Identified the staff "Qopleydd" {rF+ Conj}
 84256 | Crypt:3  | Identified the +0 pair of boots "Obazaoky" {MP+9 Int+4
                  | Dex+2}
 84601 | D:14     | Bought a masterwork scale mail for 234 gold pieces
 84601 | D:14     | Identified the +4 scale mail of the Morning {Int+3} (You
                  | bought it in a shop on level 14 of the Dungeon)
 84667 | Depths:1 | Entered Level 1 of the Depths
 85543 | Depths:1 | Identified the +9 sling "Huuhupn" {drain, rPois Str-3 SInv}
 85583 | Depths:1 | You fall into a shaft and drop 1 floor!
 86081 | Depths:1 | Found a one-way gate to the infinite horrors of the Abyss.
 86186 | Depths:1 | Found a gateway to Hell.
 87255 | Depths:2 | Got a yellowed book
 87388 | Depths:2 | Noticed a caustic shrike
 87397 | Depths:2 | Killed a caustic shrike
 87398 | Depths:2 | Reached skill level 15 in Air Magic
 87587 | Depths:2 | Found an opulent altar of Gozag.
 87709 | Depths:2 | Found a one-way gate leading to the halls of Pandemonium.
 88021 | Depths:3 | Noticed Mennas
 88781 | Depths:3 | Found a one-way gateway to a ziggurat.
 88983 | Depths:3 | Killed Mennas
 89179 | Depths:3 | Noticed a juggernaut
 89189 | Depths:3 | Killed a juggernaut
 89540 | Depths:3 | Found a gateway to a bazaar.
 90096 | Depths:3 | Noticed a golden dragon
 90102 | Depths:3 | Reached XP level 24. HP: 213/213 MP: 45/45
 90139 | Depths:3 | Got a whispering book
 90160 | Depths:3 | Identified the ring "Torrapt" {Fly rC+++ Will++ Str+2
                  | Stlth-}
 90171 | Depths:3 | Identified the +10 short sword of the Toadstool {drain, rN+
                  | rCorr Int-2 SInv}
 90330 | Depths:4 | Entered Level 4 of the Depths
 91033 | Depths:4 | Found a gate to the Realm of Zot.
 91582 | Depths:4 | Reached skill level 19 in Conjurations
 92374 | Vaults:5 | Entered Level 5 of the Vaults
 92384 | Vaults:5 | Noticed a dread lich
 92702 | Depths:4 | Learned a level 9 spell: Chain Lightning
 93059 | Slime:1  | Entered Level 1 of the Pits of Slime
 93320 | Slime:1  | Gained mutation: [You occasionally lose the ability to
                  | drink potions when taking damage.] [a shining eye]
 94383 | Slime:3  | Paralysed by a formless jellyfish for 1 turns
 94390 | Slime:3  | Paralysed by a formless jellyfish for 1 turns
 95425 | Slime:3  | Reached XP level 25. HP: 217/220 MP: 45/45
 95743 | Slime:5  | Entered Level 5 of the Pits of Slime
 98385 | Slime:5  | Noticed the Royal Jelly
 98391 | Slime:5  | Found a viscous altar of Jiyva.
 98826 | Slime:5  | Killed the Royal Jelly
 98827 | Slime:5  | Reached skill level 20 in Conjurations
 98853 | Slime:5  | Identified the +1 robe "Nag Jaed" {Str+4 Int+3}
 98854 | Slime:5  | Identified the staff "Loomn" {rN+ Int+3 Necro}
 98893 | Slime:5  | Got a slimy rune of Zot
 98894 | Slime:5  | Identified the +7 great sword of Rotation {flame, Int+4
                  | Dex+2}
 98897 | Slime:5  | Identified the staff "Neegos" {rElec Str+3 Air}
 98901 | Slime:5  | Identified the +3 great sword of Darkness {pain, Dex+2}
 98919 | Slime:5  | Got a foxed book
 98963 | Slime:5  | Identified the +7 glaive of Kismet {drain, *Rage rF+ Str+4
                  | Stlth+}
100447 | Bazaar   | Entered a bazaar
100453 | Bazaar   | Found Huff's Magic Scroll Emporium.
100453 | Bazaar   | Found Qaymojych's Jewellery Shoppe.
100454 | Bazaar   | Found the ring of the Octopus King
100460 | Bazaar   | Identified a ring of the Octopus King {Fly HP+2 AC+2 EV+2
                  | SH+2}
100465 | Bazaar   | Bought a scroll of amnesia for 44 gold pieces
100465 | Bazaar   | Bought a scroll of teleportation for 33 gold pieces
100465 | Bazaar   | Bought a scroll of fear for 44 gold pieces
100465 | Bazaar   | Bought a scroll of teleportation for 33 gold pieces
100465 | Bazaar   | Bought a scroll of teleportation for 33 gold pieces
100465 | Bazaar   | Bought a scroll of fog for 44 gold pieces
100559 | Depths:3 | Voluntarily entered the Abyss.
100707 | Abyss:3  | Found a corrupted altar of Lugonu.
100729 | Abyss:4  | Found a corrupted altar of Lugonu.
100762 | Depths:3 | Escaped the Abyss
100783 | Depths:3 | Voluntarily entered the Abyss.
100822 | Abyss:4  | Found a transporter.
100829 | Abyss:4  | Found a corrupted altar of Lugonu.
100847 | Abyss:4  | Killed from afar by a red draconian scorcher

Illustrated notes

Levels and vault maps discovered:
D:1:      heliophobic_arrival_enchanted_forest, layout_loops_ring, serial_shops,
          shop
D:2:      layout_basic, minmay_distorted
D:3:      layout_rooms, chequers_temple_overflow_minitemple,
          nicolae_dithmenos_the_darkroom, tgw_xom, cheibrodos_sewer_entry_bend
D:4:      layout_layer_cave, kennysheep_mini_moat, patterned_corridor,
          uniq_sigmund
D:5:      layout_loops_corners, grunt_temple_overflow_lords_of_destruction,
          uniq_crazy_yiuf_cottage
D:6:      kennysheep_kobold_camp, layout_basic, hellmonk_ghost_happy_afterlife,
          roderic_serpentine_path, uniq_pikel, uniq_blork_the_orc, uniq_menkaure
D:7:      layout_cave_pools, minmay_temple_entry_statues_fountains,
          amethyst_killhole, uniq_prince_ribbit1
D:8:      minmay_general_purpose_star, layout_basic, lair_entry_dummy,
          uniq_gastronok
D:9:      layout_basic, mainiacjoe_overflow_catwalk, orc_0_dummy, worms_lemuel
D:10:     layout_loops_ring, mainiacjoe_overflow_tiny_flanked,
          nicolae_sif_muna_little_library, trove_entry_hex_spiral
D:11:     due_megacathedral, layout_basic
D:12:     layout_stronghold, gammafunk_ghost_mausoleum, uniq_kirke, uniq_nessos,
          uniq_maurice
D:13:     layout_loops_ring, hangedman_vaults_entry_quadrant_bands,
          nicolae_shop_i_like_big_books, grunt_decor_junction,
          nicolae_burly_brawl, uniq_azrael
D:14:     layout_cave_pods, serial_shops, nicolae_shop_hallway_stairs, shop,
          nicolae_square_shop, shop, portal_ice_cave_entry_ice_statue_two,
          uniq_josephine
D:15:     gammafunk_depths_entry_grave, layout_cave_pods, chequers_mini_garden,
          minivault_15
Temple:   hellmonk_temple_beads
Lair:1:   layout_concentric_octagons
Lair:2:   layout_hall_layers, minmay_swamp_entry_worms, grunt_megastairs_2
Lair:3:   layout_gridlike, guppyfry_snake_entry_garden
Lair:4:   layout_cave_pods, serial_bayou_shore_a
Lair:5:   due_jungle_book, layout_gridlike, slime_entry_1, serial_bayou_ford_a,
          nicolae_lair_lil_pond, infiniplex_staircase_pool_2
Swamp:1:  layout_basic_swamp, evilmike_swamp_ruin_wall
Swamp:2:  layout_basic_swamp, nicolae_swamp_round_clearing, swamp_pool4,
          hangedman_swamp_diagram, uniq_louise
Swamp:3:  layout_basic_swamp, nicolae_swamp_fairy_circle, uniq_mara, uniq_nikola
Swamp:4:  swamp_icy, layout_basic_swamp, swamp_pool3
Snake:1:  layout_rooms, nicolae_snake_yet_another_twisty_hallway, uniq_aizul
Snake:2:  layout_gridlike
Snake:3:  layout_chambers, serial_shops, shop, st_stairs_14
Snake:4:  minmay_snake_end_coiled, layout_cave_town, nicolae_shop_firing_range,
          minmay_shop_grove
Slime:1:  layout_caves
Slime:2:  layout_caves
Slime:3:  layout_caves
Slime:4:  layout_caves
Slime:5:  slime_pit_nicolae_royal_road_to_ruin
Orc:1:    layout_diamond_mine, library_closet
Orc:2:    st_orc_open, layout_caves, serial_shops,
          nicolae_shop_just_a_little_nook
Elf:1:    eino_elf_arrival_customs, layout_loops_cross, serial_shops,
          nicolae_shop_trees, minmay_elf_demonology, minivault_24
Elf:2:    nicolae_elf_blades_crystal_corner, layout_loops_corners, serial_shops,
          nicolae_stop_n_shop_2, shop, nicolae_shop_pleasant_corner_grove
Elf:3:    minmay_elf_hall_circle, layout_loops_cross,
          nicolae_elf_big_sculpture_2, hangedman_elf_power_crystal,
          feat_on_display, uniq_bai_suzhen
Vaults:1: infiniplex_enter_wizlab_spiral, hangedman_vaults_variations,
          nicolae_vaults_little_squares_3, nicolae_vaults_sealed_display,
          layout_vaults_omnigrid, uniq_asterion
Vaults:2: ebering_ghost_inner_flame, v_pattern_3,
          nicolae_vaults_little_squares_4, hangedman_vaults_impose, v_misc_22,
          hangedman_vaults_snaps, vaults_standard_mumra_enter_the_diamond,
          ontoclasm_vaults_idyll, nicolae_vaults_network_periphery,
          vaults_room_door_ring, grunt_vaults_diagonal, vaults_dpeg_ring,
          nicolae_vaults_little_squares_2, nicolae_vaults_diamond_1,
          nicolae_vaults_three_branches, ontoclasm_vaults_pinch,
          nicolae_vaults_double_plus_2, vaults_room_semicircle,
          layout_vaults_omnicross, serial_shops, nicolae_shop_tiny_waterfront
Vaults:3: nicolae_vaults_storage_closets_1, nicolae_vaults_theta,
          nicolae_vaults_mitosis, nicolae_vaults_stepped_doors,
          minmay_crypt_entry_simple_round, nicolae_vaults_statue_guard,
          nicolae_vaults_house_3, v_misc_1, nicolae_vaults_trapezoid_lopsided_1,
          ontoclasm_vaults_loading_screen, layout_vaults_big_room
Vaults:4: v_misc_24, nicolae_vaults_storage_closets_2,
          nicolae_vaults_weapon_check, st_check, dpeg_vaults_monster_row,
          ontoclasm_vaults_loading_screen, v_misc_19,
          nicolae_vaults_trapezoid_1, nicolae_vaults_sightless_eye,
          nicolae_vaults_closet_pinwheel_1, nicolae_vaults_alarming,
          layout_vaults_ring
Vaults:5: serial_shops
Crypt:1:  dreamdust_cat_pyramid, layout_regular_city, st_shrine_of_skulls,
          uniq_jory
Crypt:2:  layout_regular_city
Crypt:3:  david_glass_crypt, layout_chaotic_city, amcnicky_mini_pool_small,
          grunt_ministairs_13, lemuel_freeze_loot_1, uniq_xtahua,
          uniq_josephina, uniq_margery
Depths:1: layout_basic, hex_tiny, hell_entry, minmay_room_of_horrors,
          evilmike_butchery, nicolae_triple_integral
Depths:2: minmay_swirls_squares, layout_cave_pools, hellmouth_1,
          grunt_gozag_statues, rand_demon_pan_entry_4
Depths:3: gold_lair_mu, layout_small_grid, enter_ziggurat_b, hell_entry,
          marbit_kobold_abyss_entry, nicolae_figureground_sparkle, serial_shops,
          statue_bzr, uniq_mennas
Depths:4: evilmike_zot_entry_diamond, layout_honeycomb, pan_entry,
          hangedman_decor_slide_cut, pf_hell_entry_great_geh
Abyss:4:  base: Snake:2, minivault_22, evilmike_abyss_rune_ettins,
          evilmike_abyss_exit_chaos, base: Swamp:3, evilmike_abyss_exit_10,
          gammafunk_abyss_rune_reverse_zot, gammafunk_abyss_rune_reverse_zot

Skill      XL: |  1  2  3  4  5  6  7  8  9 10 11 12 13 14 15 16 17 18 19 20 21 22 23 24 25 |
---------------+----------------------------------------------------------------------------+-----
Stealth        | 2 3 5 |  5.0
Short Blades   | 2 |  2.0
Evocations     | 1 3 5 6 7 |  7.0
Fighting       | 2 4 5 6 7 8 10 11 12 | 12.0
Earth Magic    | 1 2 4 6 8 10 11 12 | 12.0
Spellcasting   | 1 2 3 5 6 7 10 11 12 13 15 17 18 19 | 19.0
Conjurations   | 1 2 4 6 8 10 11 12 14 17 18 19 20 | 20.0
Transmutations | 1 3 4 5 6 7 8 |  8.0
Dodging        | 2 3 5 |  5.0
Poison Magic   | 2 5 8 10 12 | 12.0
Air Magic      | 2 4 6 7 8 10 13 16 19 | 19.7
Fire Magic     | 1 3 4 5 7 9 12 13 14 | 14.0
Hexes          | 2 3 4 5 |  5.0
Armour         | 2 3 5 |  5.0
Shields        | 2 4 5 7 8 9 |  9.6
Throwing       | 2 4 6 |  6.0
Translocations | 1 3 5 |  5.0
Necromancy     | 7 |  7.0
Unarmed Combat | |  3.0
Invocations    | |  0.9
Shapeshifting  | |  3.3

Action                     |  1- 3 |  4- 6 |  7- 9 | 10-12 | 13-15 | 16-18 | 19-21 | 22-24 | 25-27 || total
---------------------------+-------+-------+-------+-------+-------+-------+-------+-------+-------++-------
  Melee: Short sword       |    59 |    45 |    78 |     1 |       |       |       |       |       ||   183
         Unarmed           |     1 |       |       |       |       |       |       |       |       ||     1
         Punch             |     2 |       |     4 |       |     4 |       |       |       |       ||    10
         Dagger            |       |       |       |    48 |    93 |       |       |       |       ||   141
         Constrict         |       |       |       |       |    23 |    15 |     1 |       |     1 ||    40
         Staff             |       |       |       |       |    32 |    53 |     5 |       |     1 ||    91
         Bo                |       |       |       |       |       |       |     3 |       |     1 ||     4
  Throw: Stone             |       |     1 |       |       |       |       |       |       |       ||     1
         Javelin           |       |       |     1 |       |       |       |       |       |       ||     1
         Dart              |       |       |       |     1 |     1 |       |       |       |       ||     2
         Throwing net      |       |       |       |     1 |       |     1 |       |     1 |       ||     3
   Cast: Sandblast         |       |    56 |    30 |     3 |       |       |       |       |       ||    89
         Stone Arrow       |       |       |   102 |   185 |    45 |     7 |       |       |       ||   339
         Searing Ray       |       |       |     3 |    19 |       |       |       |       |       ||    22
         Brom's Barrelling |       |       |       |    35 |       |       |       |       |       ||    35
         Poisonous Vapours |       |       |       |    91 |   213 |    23 |    17 |     7 |       ||   351
         Ignite Poison     |       |       |       |    71 |   178 |    23 |    81 |    19 |       ||   372
         Passwall          |       |       |       |     2 |       |     1 |       |       |       ||     3
         Mephitic Cloud    |       |       |       |    12 |    11 |       |       |       |       ||    23
         Bombard           |       |       |       |       |   243 |   206 |   265 |    56 |     4 ||   774
         Irradiate         |       |       |       |       |    36 |   102 |   101 |    90 |    12 ||   341
         Olgreb's Toxic Ra |       |       |       |       |    20 |     4 |    12 |     7 |       ||    43
         Fulminant Prism   |       |       |       |       |    38 |     1 |       |       |       ||    39
         Fireball          |       |       |       |       |       |   495 |   304 |    18 |    22 ||   839
         Blink             |       |       |       |       |       |     1 |       |       |       ||     1
         Sublimation of Bl |       |       |       |       |       |       |    38 |    71 |    18 ||   127
         Iskenderun's Myst |       |       |       |       |       |       |    18 |    65 |    19 ||   102
         Plasma Beam       |       |       |       |       |       |       |    10 |   697 |    93 ||   800
         Maxwell's Capacit |       |       |       |       |       |       |       |    13 |     8 ||    21
Ability: Spit Poison       |    28 |    32 |    20 |     1 |     9 |       |       |       |       ||    90
         Begin Untransform |       |       |     1 |       |       |       |       |       |       ||     1
         Breathe Poison Ga |       |       |       |       |       |       |    65 |     4 |       ||    69
         Evoke Blink       |       |       |       |       |       |       |       |     4 |     1 ||     5
  Evoke: Wand              |       |     8 |    12 |    26 |    35 |     9 |     4 |     5 |     4 ||   103
         Tin of tremorston |       |       |       |       |       |     7 |     5 |     5 |       ||    17
         Sack of spiders   |       |       |       |       |       |     3 |       |     1 |       ||     4
         Lightning rod     |       |       |       |       |       |       |     4 |     1 |     3 ||     8
    Use: Potion            |     1 |       |       |     4 |     4 |     5 |     5 |     8 |    10 ||    37
         Scroll            |     3 |     5 |     2 |    13 |    25 |     3 |     6 |     6 |     7 ||    70
   Stab: Sleeping          |     1 |     1 |       |       |       |       |       |       |       ||     2
         Distracted        |       |       |     1 |       |       |       |       |       |       ||     1
         Confused          |       |       |       |     2 |     2 |       |       |       |       ||     4
         Paralysed         |       |       |       |       |     2 |       |       |       |       ||     2
         Invisible         |       |       |       |       |       |     1 |       |       |       ||     1
         Held in net/web   |       |       |       |       |       |     1 |       |       |       ||     1
 Armour: Animal skin       |    35 |    69 |    20 |       |       |       |       |       |       ||   124
         Skin              |     5 |       |       |     5 |       |       |       |       |       ||    10
         Steam dragon scal |       |       |    87 |    46 |       |       |       |       |       ||   133
         Robe              |       |       |       |   228 |       |       |       |       |       ||   228
         Troll leather arm |       |       |       |    19 |   518 |   391 |   260 |   412 |    76 ||  1676
  Dodge: Dodged            |    24 |    37 |    67 |   194 |   195 |   168 |   105 |   146 |    21 ||   957
  Block: Buckler           |       |       |       |       |    14 |    71 |    11 |       |       ||    96
         Kite shield       |       |       |       |       |       |       |   181 |   283 |    32 ||   496
         Reflection        |       |       |       |       |       |       |    26 |       |       ||    26

Table legend: (Time is in decaauts)
 A = Elapsed time spent in this place.
 B = Non-inter-level travel time spent in this place.
 C = Inter-level travel time spent in this place.
 D = Time resting spent in this place.
 E = Time spent auto-exploring this place.
 F = Levels seen in this place.
 G = Mean time per level.
                   A        B        C        D        E       F      G
               +--------+--------+--------+--------+--------+-----+--------+
         Total | 118584 | 106155 |  12429 |  21325 |  70565 |  61 | 1944.0 |
       Dungeon |  34814 |  28826 |   5988 |   3012 |  21708 |  15 | 2320.9 |
        Temple |      1 |      0 |      1 |      0 |      0 |   1 |    1.0 |
          Lair |  14269 |  12763 |   1506 |   2389 |   8661 |   5 | 2853.8 |
         Swamp |   7177 |   6835 |    342 |   1440 |   4689 |   4 | 1794.2 |
     Snake Pit |  11332 |  10880 |    452 |   1540 |   7696 |   4 | 2833.0 |
    Slime Pits |   7819 |   7496 |    323 |   3946 |   2856 |   5 | 1563.8 |
  Orcish Mines |   3742 |   2966 |    776 |   1022 |   1628 |   2 | 1871.0 |
   Elven Halls |  10230 |   9219 |   1011 |   2736 |   5543 |   3 | 3410.0 |
        Vaults |   9565 |   8651 |    914 |    261 |   7146 |   5 | 1913.0 |
         Crypt |   6765 |   6477 |    288 |   1509 |   3950 |   3 | 2255.0 |
        Depths |   9315 |   8492 |    823 |   2075 |   5468 |   4 | 2328.8 |
         Abyss |    328 |    328 |      0 |      0 |    124 |   5 |   65.6 |
        Bazaar |     36 |     36 |      0 |      0 |     28 |   1 |   36.0 |
         Trove |    103 |    103 |      0 |     23 |      5 |   1 |  103.0 |
         Sewer |    121 |    121 |      0 |      0 |     72 |   1 |  121.0 |
      Ice Cave |   1939 |   1939 |      0 |    877 |    713 |   1 | 1939.0 |
        Wizlab |   1021 |   1021 |      0 |    492 |    271 |   1 | 1021.0 |
               +--------+--------+--------+--------+--------+-----+--------+

Top non-repeatable levels by time:
  Lair:5: 5373 daAuts
   Elf:3: 4566 daAuts
    D:13: 4524 daAuts
 Slime:5: 4522 daAuts
 Snake:4: 4130 daAuts
   Elf:2: 3609 daAuts
 Snake:3: 3395 daAuts
    D:11: 3336 daAuts
 Swamp:4: 3102 daAuts
     D:6: 2936 daAuts
Depths:3: 2870 daAuts
  Lair:3: 2756 daAuts
    D:12: 2752 daAuts
    D:15: 2713 daAuts
     D:5: 2681 daAuts
